AoeStats
← Javan

Arena

509271026Analyzed
2v2 RM · 6d ago on Sep 26, 2026· 74m 26s· 4 players
Game mode
Random Map
Map size
Medium (4 player)
Population
200
Speed
Normal
Resources
Standard
Victory
Conquest
Starting age
Dark Age
Ending age
Imperial Age
RankedLock teamsTeams togetherTeam positionsShared explorationLock speedFull tech treeHidden civsTurbo modeCheats
Victory
Defeat
🇪🇨 Malay · Ecuador
803
+18
🇪🇨 Persians · Ecuador
784
+19
🇺🇸 Teutons · United States
885
-50
🇨🇳 Shu · China
797
-16
jorgevasquezpalacios
0:31 Loom
12:15 Feudal Age
17:37 Castle Age
15:59 Double-Bit Axe
19:13 Pikeman
20:12 Scale Mail Armor
22:26 Wheelbarrow
21:53 Horse Collar
22:57 Gold Mining
24:37 Bow Saw
25:50 Forging
27:50 Gold Shaft Mining
27:41 Hand Cart
30:45 Scale Barding Armor
30:55 Chain Mail Armor
30:41 Padded Archer Armor
31:11 Elite Skirmisher
33:34 Town Watch
34:46 Stone Mining
35:12 Masonry
39:53 Imperial Age
37:24 Town Patrol
40:35 Onager
42:10 Stone Shaft Mining
42:21 Iron Casting
42:17 Plate Mail Armor
42:07 Chain Barding Armor
41:38 Fletching
42:03 Leather Archer Armor
42:53 Chemistry
42:23 Architecture
48:29 Two-Man Saw
50:34 Plate Barding Armor
50:30 Ring Archer Armor
49:56 Bodkin Arrow
51:02 Blast Furnace
51:49 Citadels
51:42 Kamandaran
61:23 Heavy Plow
61:20 Heated Shot
61:51 Ballistics
61:22 Guard Tower
pocho060
0:27 Loom
13:18 Feudal Age
12:58 Double-Bit Axe
18:37 Castle Age
17:18 Horse Collar
19:21 Gold Mining
19:38 Heavy Plow
26:23 Squires
33:22 Imperial Age
31:31 Wheelbarrow
30:41 Town Watch
31:47 Elite Skirmisher
32:33 Thumb Ring
33:15 Conscription
33:56 Fletching
34:06 Padded Archer Armor
36:24 Town Watch
37:22 Bodkin Arrow
37:43 Leather Archer Armor
37:39 Forging
38:32 Ballistics
39:13 Chemistry
38:11 Murder Holes
40:28 Forced Levy
40:25 Man-at-Arms
40:54 Arson
41:36 Bracer
42:11 Crop Rotation
43:56 Long Swordsman
45:02 Two-Handed Swordsman
56:33 Hand Cart
56:53 Ring Archer Armor
65:01 Iron Casting
64:29 Caravan
65:00 Coinage
64:41 Guilds
64:58 Bombard Tower
64:28 Heated Shot
64:49 Masonry
64:20 Treadmill Crane
64:46 Siege Engineers
65:25 Scale Barding Armor
68:44 Elite Karambit Warrior
71:14 Crossbowman
71:45 Arbalester
72:18 Guard Tower
71:50 Pikeman
73:37 Blast Furnace
Javan
16:02 Feudal Age
17:31 Wheelbarrow
16:49 Town Watch
19:19 Horse Collar
22:02 Castle Age
22:10 Scale Mail Armor
22:22 Forging
24:14 Chain Mail Armor
24:35 Iron Casting
26:34 Heavy Plow
35:04 Imperial Age
55:04 Squires
55:30 Pikeman
56:00 Elite Skirmisher
57:00 Fletching
57:11 Padded Archer Armor
57:36 Bodkin Arrow
64:48 Crenellations
65:21 Elite Teutonic Knight
67:05 Plate Mail Armor
cold hand
10:17 Feudal Age
10:47 Double-Bit Axe
10:44 Horse Collar
17:38 Castle Age
17:11 Stone Mining
18:10 Loom
18:40 Bow Saw
20:26 Gold Mining
20:50 Treadmill Crane
21:18 Heavy Plow
23:14 Wheelbarrow
23:57 Fervor
24:35 Town Watch
27:35 Gold Shaft Mining
28:42 Thumb Ring
27:57 Crossbowman
28:45 Padded Archer Armor
33:59 Imperial Age
32:58 Coiled Serpent Array
35:17 Conscription
35:01 Bolt Magazine
35:37 Hoardings
35:51 Herbal Medicine
36:07 Fletching
35:40 Arbalester
36:39 Leather Archer Armor
38:30 Bodkin Arrow
39:38 Chemistry
38:45 Siege Engineers
39:01 Ballistics
38:38 Murder Holes
38:54 Masonry
39:47 Two-Man Saw
40:59 Gambesons
41:14 Squires
40:35 Pikeman
42:17 Halberdier
44:57 Bracer
45:28 Ring Archer Armor
44:59 Scale Mail Armor
45:10 Forging
50:20 Coinage
56:16 Banking
56:11 Arson
56:48 Chain Mail Armor
58:04 Caravan
58:52 Elite Skirmisher
59:36 Capped Ram
62:53 Man-at-Arms
66:05 Plate Mail Armor
67:35 Architecture
66:56 Onager
Connection lost

Rejoining the realm…

Still unreachable

The connection could not be restored.

Session expired

The server has moved on; the page needs a fresh start.